 Dungeon Crawl Stone Soup version 0.25-a0-696-g42a9e46d90 (console) character file.

Game seed: 1410831479572430196, levelgen mode: classic

602508 Duffy the Sorcerer (level 27, 120/241 (248) HPs)
             Began as a Naga Ice Elementalist on Mar 31, 2020.
             Was an Elder of Sif Muna.
             Quit the game on level 17 of a ziggurat.
             The game lasted 02:38:41 (98650 turns).

Duffy the Sorcerer (Naga Ice Elementalist)         Turns: 98650, Time: 02:38:41

HP:   120/241 (248) AC: 16    Str: 14    XL:     27
MP:   24/51         EV: 27    Int: 41    God:    Sif Muna [****..]
Gold: 9314          SH: 19    Dex: 19    Spells: 22/75 levels left

rFire    . . .     SeeInvis +   a - +0 staff of Battle
rCold    + . .     Gourm    .   Z - +2 kite shield
rNeg     . . .     Faith    .   H - +1 robe of the Lion {Int+6}
rPois    +         Spirit   .   Y - +2 helmet {Int+3}
rElec    .         Reflect  +   U - scarf {cloud immunity}
rCorr    .         Harm     .   K - +0 pair of fencer's gloves {Riposte Dex+3}
MR       +++..                  (no barding)
Stlth    +++.......             W - +6 amulet of reflection
HPRegen  0.50/turn              h - ring of Phasing {EV+8}
MPRegen  0.32/turn              O - ring of Ginn {AC+1 Str+4 Int+7}

@: studying Dodging, very slow
A: large, see invisible, cold resistance 1, deformed body, poison resistance,
slowness 2, slow metabolism 1, spit poison 1, wild magic 1, MP-powered wands,
constrict 1, AC +9
}: 3/15 runes: barnacled, slimy, gossamer
a: Spit Poison, Channel Magic, Forget Spell, Divine Exegesis, Renounce Religion


You were on level 17 of a ziggurat.
You worshipped Sif Muna.
Sif Muna was greatly pleased with you.
You were very full.

You visited 10 branches of the dungeon, and saw 51 of its levels.
You visited 1 ziggurat, and saw 17 of its levels.
You also visited: Sewer.

You collected 12483 gold pieces.
You spent 3169 gold pieces at shops.

Inventory:

Hand Weapons
 a - the +0 staff of Battle (weapon)
   (You found it on level 7 of a ziggurat)
Missiles
 i - 24 throwing nets (quivered)
 R - 26 silver javelins
Armour
 H - the +1 robe of the Lion (worn) {Int+6}
   (You took it off a deep elf annihilator on level 3 of the Elven Halls)

   It affects your intelligence (+6).
 K - the +0 pair of fencer's gloves (worn) {Riposte Dex+3}
   (You found it on level 5 of the Pits of Slime)

   It affects your dexterity (+3).
 T - the +3 robe of Clouds {+Thunder rCloud rElec}
   (You found it on level 9 of a ziggurat)

   It insulates you from electricity.
 U - a scarf of cloud immunity (worn)
 Y - a +2 helmet of intelligence (worn)
 Z - a +2 kite shield (worn)
Magical Staves
 A - an uncursed staff of air {!a}
Jewellery
 h - the ring of Phasing (left hand) {EV+8}
   (You found it on level 14 of a ziggurat)

   [ring of evasion]

   It affects your evasion (+8).
 w - an uncursed ring of resist corrosion
 E - an uncursed ring of protection from fire
 F - the ring "Titit" {+Inv +Fly rC++ Str-5 Int+3}
   (You found it on level 11 of a ziggurat)

   [ring of flight]

   It affects your strength (-5).
   It affects your intelligence (+3).
   It greatly protects you from cold.
   It lets you turn invisible.
   It lets you fly.
 I - an uncursed ring of protection from cold
 O - the ring of Ginn (right hand) {AC+1 Str+4 Int+7}
   (You found it on level 10 of a ziggurat)

   [ring of protection]

   It affects your AC (+1).
   It affects your strength (+4).
   It affects your intelligence (+7).
 S - the ring of Neurosis {rN+++ MR+}
   (You found it on level 6 of the Lair of Beasts)

   [ring of protection from magic]

   It renders you almost immune to negative energy.
   It affects your resistance to hostile enchantments.
 W - a +6 amulet of reflection (around neck)
Wands
 o - a wand of scattershot (5)
 r - a wand of digging (19)
 x - a wand of paralysis (13)
 B - a wand of iceblast (19)
 D - a wand of acid (41)
 Q - a wand of clouds (5)
Scrolls
 b - 13 scrolls of teleportation
 g - 21 scrolls of identify
 l - 8 scrolls of magic mapping
 m - 14 scrolls of fog
 t - 4 scrolls of fear
 v - 8 scrolls of immolation
 y - 22 scrolls of remove curse
 M - 2 scrolls of enchant armour
 P - 7 scrolls of blinking
 X - a scroll of summoning
Potions
 d - 3 potions of brilliance
 e - 9 potions of flight
 f - 2 potions of mutation
 j - 22 potions of curing
 n - 7 potions of resistance
 p - 11 potions of ambrosia
 q - 6 potions of cancellation
 s - 13 potions of heal wounds
 z - 4 potions of invisibility
 G - 11 potions of haste
 J - 5 potions of lignification
 L - a potion of magic
Books
 V - a manual of Dodging
Miscellaneous
 k - 12 tins of tremorstones
 u - 7 boxes of beasts
 C - a phial of floods
 N - 9 phantom mirrors
Comestibles
 c - 63 rations


   Skills:
 - Level 15.0 Fighting
 + Level 11.8 Dodging
 - Level 3.0 Stealth
 - Level 9.0 Shields
 - Level 24.6 Spellcasting
 - Level 20.0 Conjurations
 - Level 6.0 Charms
 - Level 3.5 Translocations
 - Level 20.0 Fire Magic
   Level 8.0 Ice Magic
 - Level 6.0 Air Magic
 - Level 9.0 Earth Magic
 - Level 11.0 Invocations
 - Level 3.3 Evocations


You had 22 spell levels left.
You knew the following spells:

 Your Spells              Type           Power        Failure   Level  Hunger
h - Bolt of Magma         Conj/Fire/Erth #########.   1%          5    None
i - Ignition              Fire           ########..   1%          8    None
j - Iron Shot             Conj/Erth      ########..   1%          6    None
k - Fireball              Conj/Fire      #########.   1%          5    None
l - Starburst             Conj/Fire      #########.   1%          6    None
m - Deflect Missiles      Chrm/Air       #######...   8%          6    None
o - Lee's Rapid Deconstr  Erth           ########..   1%          5    None
u - Fire Storm            Conj/Fire      #########.   16%         9    None
y - Apportation           Tloc           ######       1%          1    None
B - Blink                 Tloc           N/A          1%          2    None

Your spell library contained the following spells:

 Spells                   Type           Power        Failure   Level  Hunger
 Animate Skeleton         Necr           N/A          1%          1    None
 Beastly Appendage        Tmut           ######       1%          1    None
 Corona                   Hex            ######.      1%          1    None
 Foxfire                  Conj/Fire      ####         1%          1    None
 Freeze                   Ice            ####         1%          1    None
 Infusion                 Chrm           ####         1%          1    None
 Magic Dart               Conj           ####         1%          1    None
 Pain                     Necr           ####         1%          1    None
 Sandblast                Erth           ######       1%          1    None
 Shock                    Conj/Air       ####         1%          1    None
 Sting                    Tmut/Pois      ####         1%          1    None
 Summon Butterflies       Summ           ######..     1%          1    None
 Summon Small Mammal      Summ           ####         1%          1    None
 Call Imp                 Summ           ######..     1%          2    None
 Corpse Rot               Necr/Air       N/A          1%          2    None
 Ensorcelled Hibernation  Hex/Ice        ######       1%          2    None
 Passwall                 Tmut/Erth      #######.     1%          2    None
 Poisonous Vapours        Pois/Air       ######       1%          2    None
 Searing Ray              Conj           ######       1%          2    None
 Shroud of Golubria       Chrm/Tloc      ######       1%          2    None
 Slow                     Hex            ######..     1%          2    None
 Song of Slaying          Chrm           #######.     1%          2    None
 Sticks to Snakes         Tmut           ######..     1%          2    None
 Sublimation of Blood     Necr           ######....   1%          2    None
 Swiftness                Chrm/Air       #######.     1%          2    None
 Conjure Flame            Conj/Fire      ########     1%          3    None
 Dazzling Flash           Conj/Hex       ######       1%          3    None
 Frozen Ramparts          Ice            ######       1%          3    None
 Gell's Gravitas          Tloc           #######...   1%          3    None
 Ignite Poison            Fire/Tmut/Pois #######.     1%          3    None
 Inner Flame              Hex/Fire       ########     1%          3    None
 Lesser Beckoning         Tloc           #######...   1%          3    None
 Mephitic Cloud           Conj/Pois/Air  ########     1%          3    None
 Ozocubu's Armour         Chrm/Ice       #######.     1%          3    None
 Portal Projectile        Hex/Tloc       ######       1%          3    None
 Recall                   Summ/Tloc      N/A          1%          3    None
 Spectral Weapon          Hex/Chrm       #######.     1%          3    None
 Static Discharge         Conj/Air       ########     1%          3    None
 Stone Arrow              Conj/Erth      ######       1%          3    None
 Teleport Other           Tloc           #######.     1%          3    None
 Airstrike                Air            #######...   1%          4    None
 Fulminant Prism          Conj/Hex       ########..   1%          4    None
 Hailstorm                Conj/Ice       ########     1%          4    None
 Ice Form                 Ice/Tmut       #######.     1%          4    None
 Iskenderun's Mystic Bla  Conj/Tloc      ########     1%          4    None
 Leda's Liquefaction      Hex/Erth       #######...   1%          4    None
 Passage of Golubria      Tloc           N/A          1%          4    None
 Petrify                  Tmut/Erth      #######.     1%          4    None
 Sticky Flame             Conj/Fire      ########     1%          4    None
 Summon Ice Beast         Ice/Summ       #######.     1%          4    None
 Irradiate                Conj/Tmut      ########..   1%          5    None
 Iskenderun's Battlesphe  Conj/Chrm      ########     1%          5    None
 Lightning Bolt           Conj/Air       ########..   1%          5    None
 Conjure Ball Lightning   Conj/Air       ########..   1%          6    None
 Freezing Cloud           Conj/Ice/Air   ########..   1%          6    None
 Orb of Destruction       Conj           #########.   1%          7    None
 Call Canine Familiar     Summ           ######..     2%          3    None
 Confusing Touch          Hex            ######..     2%          3    None
 Spider Form              Tmut/Pois      ######....   2%          3    None
 Summon Guardian Golem    Hex/Summ       ######..     2%          3    None
 Tukima's Dance           Hex            ######..     2%          3    None
 Vampiric Draining        Necr           ######....   2%          3    None
 Summon Lightning Spire   Summ/Air       #######.     2%          4    None
 Borgnjor's Vile Clutch   Necr/Erth      #######...   3%          5    None
 Metabolic Englaciation   Hex/Ice        #######...   3%          5    None
 Ozocubu's Refrigeration  Ice            ########..   3%          6    None
 Ring of Flames           Chrm/Fire      ########..   3%          7    None
 Excruciating Wounds      Chrm/Necr      #######...   5%          5    None
 Silence                  Hex/Air        #######...   5%          5    None
 Animate Dead             Necr           N/A          6%          4    None
 Cause Fear               Hex            ######....   6%          4    None
 Dispel Undead            Necr           ######..     6%          4    None
 Olgreb's Toxic Radiance  Pois           ######..     6%          4    None
 Summon Forest            Summ/Tloc      ######....   8%          5    None
 Spellforged Servitor     Conj/Summ      ########..   9%          7    None
 Lehudib's Crystal Spear  Conj/Erth      ########..   10%         8    None
 Statue Form              Tmut/Erth      #######..    13%         6    None
 Agony                    Necr           ######..     16%         5    None
 Alistair's Intoxication  Tmut/Pois      ######..     16%         5    None
 Aura of Abjuration       Summ           ######....   16%         5    None
 Blade Hands              Tmut           ######....   16%         5    None
 Summon Mana Viper        Hex/Summ       ######..     16%         5    None
 Yara's Violent Unravell  Hex/Tmut       ######....   16%         5    None
 Simulacrum               Ice/Necr       #######...   16%         6    None
 Chain Lightning          Conj/Air       ########..   17%         8    None
 Dispersal                Tloc           #######...   19%         6    None
 Darkness                 Hex            ######....   58%         6    None
 Death Channel            Necr           ######....   58%         6    None
 Eringya's Noxious Bog    Tmut/Pois      ######....   58%         6    None
 Hydra Form               Tmut           ######....   58%         6    None
 Invisibility             Hex            ######..     58%         6    None
 Shadow Creatures         Summ           N/A          58%         6    None
 Malign Gateway           Summ/Tloc      ######....   88%         7    None
 Dragon Form              Tmut           ######....   98%         7    None
 Haunt                    Necr/Summ      ######....   98%         7    None
 Monstrous Menagerie      Summ           ######....   98%         7    None
 Summon Greater Demon     Summ           ######....   98%         7    None
 Summon Hydra             Summ           ######....   98%         7    None
 Borgnjor's Revivificati  Necr           ######....   100%        8    None
 Controlled Blink         Tloc           N/A          100%        8    None
 Death's Door             Chrm/Necr      #######...   100%        8    None
 Discord                  Hex            ######....   100%        8    None
 Disjunction              Tloc           #######...   100%        8    None
 Infestation              Necr           ######....   100%        8    None
 Necromutation            Tmut/Necr      ######....   100%        8    None
 Summon Horrible Things   Summ           ######....   100%        8    None
 Absolute Zero            Ice            ########..   100%        9    None
 Dragon's Call            Summ           ######....   100%        9    None
 Shatter                  Erth           ########..   100%        9    None
 Tornado                  Air            #######...   100%        9    None


Dungeon Overview and Level Annotations

Branches:
Dungeon (15/15)            Temple (0/1) D:7            Lair (6/6) D:10
 Shoals (4/4) Lair:3       Spider (4/4) Lair:4        Slime (5/5) Lair:5
    Orc (2/2) D:11            Elf (3/3) Orc:2        Vaults (5/5) D:13
  Crypt (3/3) Vaults:3       Tomb (0/3) Crypt:3      Depths (4/5) D:15
  Sewer (visited)

Altars:
Elyvilon
Hepliaklqana
Kikubaaqudgha
Makhleb
Qazlal
Ru
Sif Muna
Trog
Vehumet
Wu Jian
Xom
Yredelemnul
Zin
Beogh

Shops:
D:6 *   Orc:1 }   Orc:2 [(**(   Elf:2 [   Vaults:4 (   Depths:1 }=}=

Portals:
Hell: Depths:1 Depths:2 Depths:3
Abyss: Depths:3
Pandemonium: Depths:2 Depths:3

Annotations:
Elf:2 2 runed translucent doors, exclusion: 2 doors


Innate Abilities, Weirdness & Mutations

You cannot wear boots.
Your serpentine skin is tough. (AC +9)
You have supernaturally acute eyesight. (SInv)
Armour fits poorly on your strangely shaped body.
Your system is resistant to poisons. (rPois)
You cover ground very slowly.
You have a slow metabolism.
You can spit poison.
You can use your snake-like lower body to constrict enemies.
Your flesh is cold resistant. (rC+)
Your spells are a little harder to cast, but a little more powerful.
You expend magic power (3 MP) to strengthen your wands.


Message History

The thrashing horror barely misses you.
The thrashing horror moves out of view.
A tentacled monstrosity comes into view.
Cast which spell? (? or * to list)
Aiming: Iron Shot (safe; 1% risk of failure)
Press: ? - help, Shift-Dir - straight line, f - Hell Sentinel
Aim: a Hell Sentinel (steam)
You feel a surge of power!
The iron shot hits the Hell Sentinel!!!
The Hell Sentinel is moderately wounded.
Your battlesphere fires!
The barrage of energy hits the Hell Sentinel!
The Hell Sentinel is heavily wounded.
The thrashing horror barely misses you.
You riposte.
You hit the thrashing horror.
The thrashing horror is severely damaged.
You block the thrashing horror's attack.
A rakshasa comes into view. It is wielding a +0 long sword.
You block the Hell Sentinel's attack. x2; The bone dragon misses you.
The bone dragon claws you but does no damage.
You block the bone dragon's attack.
Are you sure you want to abandon this character and quit the game? (Confirm with "yes".)

#############
#...........#
#...........#
#...*.......#
#....0......#
##########....000....###
#.............031*..%...
#.............0D@.......
#...........#....X#3....
#...........##..X## ..GR
#.................. ..X
#\.................
#...................
#...........##...##.
#...........#.....
#...........


You could see a bone dragon, a Hell Sentinel, a tentacled monstrosity, a
wretched star, a great orb of eyes, a rakshasa, 2 thrashing horrors, 2 smoke
demons and a friendly battlesphere.

Vanquished Creatures
  the Royal Jelly (Slime:5)
  Mara (Vaults:3)
  4 ancient liches
  4 juggernauts
  Boris (Crypt:3)
  2 greater mummies (Zig:14)
  A Killer Klown (Zig:13)
  Margery (Crypt:3)
  Frederick (Vaults:4)
  Saint Roka (Orc:2)
  2 golden dragons
  2 bone dragons
  A profane servitor (Zig:17)
  Arachne (Spider:2)
  4 liches
  An iron giant (Zig:13)
  4 pandemonium lords (Zig:13)
  8 tentacled monstrosities
  2 deep elf master archers (Elf:3)
  The ghost of CryoSword the Shatterer, an adept OgBe of Trog (Elf:2)
  23 acid blobs
  3 sphinxes
  2 deep elf blademasters (Elf:3)
  An Executioner (Zig:13)
  2 ancient champions
  3 tentacled starspawn
  A kraken (Shoals:2)
  Kirke (Shoals:4)
  3 storm dragons
  4 tengu reavers
  2 thorn hunters (Zig:11)
  3 revenants
  An iron dragon (Zig:6)
  8 fire giants
  An azure jelly (shapeshifter) (Zig:13)
  7 ghost moths
  4 nagarajas
  17 azure jellies
  5 deep elf sorcerers
  A draconian knight (Zig:10)
  7 frost giants
  9 vault wardens
  3 deep elf elementalists (Elf:3)
  An emperor scorpion (shapeshifter) (Depths:2)
  A cacodemon (Elf:2)
  A curse skull (Crypt:3)
  3 spriggan defenders
  7 ghouls
  9 emperor scorpions
  An orc warlord (Zig:9)
  12 ironheart preservers
  A draconian shifter (Zig:10)
  8 very ugly things
  5 draconian annihilators (Zig:10)
  A stone giant (shapeshifter) (Zig:13)
  18 stone giants
  3 war gargoyles (Crypt:3)
  A caustic shrike skeleton (Zig:14)
  4 deep elf demonologists
  A black draconian (Zig:10)
  7 entropy weavers
  Azrael (Spider:2)
  4 vampire knights
  2 lorocyprocas (Depths:1)
  A dire elephant (shapeshifter) (Zig:13)
  A red draconian (Zig:10)
  A white draconian (Zig:10)
  A purple draconian (Zig:10)
  7 deep elf annihilators
  8 spark wasps
  A yellow draconian (Zig:10)
  A dire elephant (D:15)
  The ghost of Gassoqo the Basher, a journeyman GrGl of Okawaru (Lair:5)
  3 eidola
  9 deep elf death magi
  3 green deaths (Zig:11)
  7 death oozes
  3 mummy priests (Zig:14)
  5 ettins
  A fire dragon (shapeshifter) (Depths:3)
  4 jiangshi
  11 yaktaur captains
  11 merfolk javelineers
  2 deep elf high priests (Elf:3)
  8 merfolk impalers
  13 great orbs of eyes
  Erolcha (Orc:1)
  33 vault guards
  4 rakshasas
  A quicksilver dragon skeleton (Crypt:2)
  A monstrous demonspawn (Depths:3)
  Harold (D:7)
  A ghost crab (Zig:16)
  4 ice dragons
  A naga warrior (Zig:12)
  2 merfolk avatars
  15 hydras
  2 alligators
  15 ogre magi
  7 spriggan air magi
  2 catoblepae (D:14)
  61 two-headed ogres
  2 shambling mangroves (Zig:11)
  10 merfolk aquamancers
  5 satyrs
  9 centaur warriors
  A death yak (Lair:6)
  5 deep troll shamans
  3 alligator snapping turtles
  13 dancing weapons
  2 death knights
  2 anacondas (Zig:12)
  4 deep troll earth magi
  2 thrashing horrors
  2 tengu warriors
  3 spriggan berserkers (Depths:3)
  3 orc high priests (Zig:9)
  3 naga sharpshooters (Zig:12)
  A hell hog (Zig:15)
  24 deep elf knights
  10 death scarabs
  10 vampire magi
  Nergalle (Orc:1)
  10 hell knights
  A sun demon (Depths:3)
  A shock serpent (Zig:12)
  2 soul eaters (Crypt:2)
  Sonja (D:11)
  6 shadow wraiths
  3 spectral emperor scorpions (Spider:4)
  2 titan skeletons
  A storm dragon skeleton (Crypt:3)
  5 iron trolls
  3 sixfirhies
  A spark wasp zombie (Crypt:1)
  34 skeletal warriors
  11 sea snakes
  2 wretched stars (Zig:15)
  A golden dragon skeleton (Zig:14)
  3 glowing orange brains
  2 swamp dragons (Zig:11)
  2 shadow demons
  2 unseen horrors
  12 deep elf archers
  7 flayed ghosts
  An orange crystal statue (Zig:10)
  4 naga ritualists
  An anaconda skeleton (Crypt:1)
  38 deep trolls
  6 spriggan druids
  3 wizards (D:13)
  Pikel (D:4)
  A shadow dragon zombie (Crypt:3)
  3 spectral wolf spiders (Spider:4)
  8 phantasmal warriors
  13 ironbrand convokers
  2 necromancers
  26 wolf spiders
  A wolf spider zombie (Crypt:2)
  An iron dragon zombie (Crypt:2)
  2 oklob plants (Lair:1)
  3 mana vipers
  14 orb spiders
  7 harpies
  33 ugly things
  A wolf spider (shapeshifter) (Zig:13)
  12 orc knights
  A shining eye (shapeshifter) (Zig:13)
  14 manticores
  51 deep elf magi
  3 salamanders
  4 shining eyes
  A worldbinder (Zig:4)
  2 fire giant skeletons (Crypt:3)
  10 fauns
  An iron dragon skeleton (Crypt:3)
  2 cyclopes (shapeshifter)
  A stone giant zombie (Crypt:1)
  3 moths of wrath
  A shadow dragon skeleton (Crypt:3)
  7 cyclopes
  3 frost giant skeletons
  6 orc sorcerers
  2 stone giant skeletons
  5 guardian serpents
  6 merfolk sirens
  4 apocalypse crabs
  14 elephants
  A dire elephant zombie (Crypt:2)
  A moth of wrath (shapeshifter) (Zig:7)
  9 vault sentinels
  2 torpor snails
  13 black mambas
  12 smoke demons
  6 gargoyles
  A torpor snail (shapeshifter) (Zig:13)
  8 water nymphs
  A centaur skeleton (D:13)
  A naga mage (Zig:2)
  3 ice statues (Zig:10)
  A molten gargoyle (Depths:2)
  12 spiny frogs
  4 freezing wraiths
  A redback zombie (Spider:4)
  5 kobold demonologists
  A red draconian zombie (Crypt:2)
  A yaktaur (shapeshifter) (Vaults:3)
  4 spectral redbacks (Spider:4)
  A dire elephant skeleton (Crypt:3)
  14 demonic crawlers
  A hellwing (Depths:3)
  An efreet (Zig:15)
  36 yaktaurs
  4 komodo dragons
  3 ancient zymes
  A rime drake (Zig:6)
  4 red devils (Crypt:3)
  A tengu conjurer (Depths:2)
  A queen bee (D:11)
  A troll (shapeshifter) (Vaults:2)
  27 jumping spiders
  3 wind drakes
  14 guardian mummies
  A meliai (shapeshifter) (Depths:3)
  A spriggan skeleton (Zig:3)
  6 polar bears
  39 merfolk
  2 spectral tarantellas (Spider:4)
  8 trolls
  2 tyrant leeches
  24 hornets
  5 raiju
  A death drake zombie (Crypt:1)
  27 blink frogs
  3 dream sheep (Shoals:4)
  A hydra skeleton (Crypt:3)
  3 tarantella zombies (Spider:4)
  2 bog bodies
  2 raiju (shapeshifter)
  2 spectral jumping spiders (Spider:4)
  96 slime creatures
  2 jumping spider zombies (Spider:4)
  15 hippogriffs
  6 snapping turtles
  A fire giant simulacrum (Crypt:2)
  13 flying skulls
  A redback (shapeshifter) (Zig:7)
  17 large abominations
  34 tarantellas
  An alligator skeleton (Crypt:3)
  6 wraiths
  37 spriggans
  An air elemental (Elf:2)
  3 ynoxinuls
  4 ushabtiu
  26 water elementals
  19 humans
  4 starcursed masses (Zig:4)
  A tarantella (shapeshifter) (Zig:17)
  72 redbacks
  5 wyverns
  A fire dragon skeleton (Crypt:1)
  3 shadows (Crypt:3)
  45 yaks
  6 fire elementals
  4 hungry ghosts
  A fire bat (shapeshifter) (Elf:2)
  5 golden eyes
  A steam dragon (Zig:6)
  2 basilisks (shapeshifter)
  A golden eye (shapeshifter) (Vaults:4)
  6 hogs (Shoals:4)
  5 chaos spawn
  A vampire mosquito (Zig:16)
  8 basilisks
  9 wargs
  2 acid dragons
  An insubstantial wisp (Zig:11)
  3 nagas (Zig:12)
  A naga (shapeshifter) (Elf:2)
  An acid dragon (shapeshifter) (Elf:2)
  5 water moccasins
  4 hell hounds (Spider:2)
  11 porcupines
  A deep troll skeleton (Crypt:2)
  A spectral hornet (Spider:4)
  2 soldier ants
  2 faun skeletons (Crypt:1)
  5 sky beasts
  A porcupine (shapeshifter) (Elf:2)
  3 swamp drakes
  A black bear (shapeshifter) (Vaults:3)
  2 black bears (Lair:6)
  An ettin simulacrum (Vaults:3)
  51 orc warriors
  5 necrophages
  41 ogres
  4 phantoms
  A black mamba simulacrum (Crypt:1)
  10 ice beasts
  7 eyes of draining
  4 slaves (D:4)
  A tengu (shapeshifter) (Elf:2)
  7 boggarts
  31 wolves
  A manticore skeleton (Crypt:3)
  20 centaurs
  8 crocodiles
  3 small abominations
  A hippogriff zombie (Crypt:1)
  9 big kobolds
  19 bullfrogs
  2 earth elementals
  2 elf skeletons
  3 wyvern skeletons
  10 scorpions
  26 killer bees (D:11)
  2 human simulacra
  3 howler monkeys
  29 wights
  An electric eel (Lair:6)
  A wolf zombie (Crypt:1)
  5 crimson imps
  2 bullfrog zombies
  7 human zombies (Crypt:1)
  6 jellies
  A wyvern simulacrum (D:14)
  3 centaur zombies
  3 hounds
  3 quasits
  21 orc priests
  3 bullfrog skeletons
  2 iron imps (Depths:3)
  2 human skeletons (Crypt:1)
  23 orc wizards
  Natasha (thrice) (D:3)
  10 worker ants
  A spriggan simulacrum (Crypt:1)
  A killer bee zombie (D:8)
  A big kobold zombie (Crypt:2)
  A big kobold skeleton (Crypt:2)
  2 naga skeletons
  A hound zombie (D:9)
  3 hound skeletons
  16 mummies
  A worker ant zombie (D:5)
  5 gnolls
  2 howler monkey skeletons
  9 adders
  A river rat (D:3)
  A river rat (shapeshifter) (Elf:2)
  2 shadow imps
  6 white imps
  An adder skeleton (D:5)
  A lava snake skeleton (Crypt:2)
  2 worms
  4 dart slugs
  3 leopard geckos
  118 orcs
  A ball python (D:2)
  6 giant cockroaches
  8 goblins
  8 hobgoblins
  18 jackals
  4 quokkas
  10 bats
  A dart slug zombie (Crypt:1)
  3 frilled lizards
  A hobgoblin zombie (Crypt:2)
  19 kobolds
  16 rats
  2 fungi
  4 plants
  A tentacle (Shoals:1)
2564 creatures vanquished.

Vanquished Creatures (others)
  An eldritch tentacle (Zig:13)
  An ugly thing (Vaults:1)
  A slime creature (Slime:3)
  An orc (Vaults:2)
  2 bushes (D:10)
  10 fungi
  186 plants
  12 tentacles
  33 withered plants (Crypt:3)
247 creatures vanquished.

Grand Total: 2811 creatures vanquished

Notes
Turn   | Place    | Note
-------+----------+-------------------------------------------
     0 | D:1      | Duffy the Naga Ice Elementalist began the quest for the
                  | Orb.
     0 | D:1      | Reached XP level 1. HP: 15/15 MP: 3/3
   177 | D:1      | Reached XP level 2. HP: 21/22 MP: 1/5
   766 | D:1      | Reached XP level 3. HP: 11/28 MP: 1/6
  1099 | D:1      | Learned a level 3 spell: Frozen Ramparts
  1499 | D:2      | Reached skill level 3 in Spellcasting
  1499 | D:2      | Reached XP level 4. HP: 19/36 MP: 8/8
  1694 | D:2      | Found a basalt altar of Yredelemnul,
  1829 | D:2      | Reached skill level 1 in Shields
  1918 | D:2      | Found a radiant altar of Vehumet,
  1944 | D:2      | Reached skill level 5 in Ice Magic
  1998 | D:2      | Reached XP level 5. HP: 26/42 MP: 3/9
  2366 | D:2      | Learned a level 4 spell: Hailstorm
  2488 | D:2      | Found a white marble altar of Elyvilon,
  2774 | D:2      | Found a sacrificial altar of Ru,
  2935 | D:3      | Found a shimmering blue altar of Sif Muna,
  2941 | D:3      | Became a worshipper of Sif Muna the Loreminder
  3127 | D:3      | Noticed Natasha
  3133 | D:3      | Killed Natasha
  3139 | D:3      | Found a glowing drain,
  3139 | D:3      | Noticed Natasha
  3149 | D:3      | Killed Natasha
  3184 | Sewer    | Entered a sewer
  3189 | Sewer    | Reached XP level 6. HP: 47/49 MP: 2/10
  3429 | Sewer    | Found a glowing silver altar of Zin,
  3553 | D:3      | Noticed Natasha
  3566 | D:3      | Killed Natasha
  3821 | D:3      | Reached * piety under Sif Muna
  4439 | D:4      | Noticed a phantom
  4473 | D:4      | Reached skill level 4 in Spellcasting
  4513 | D:4      | Reached XP level 7. HP: 49/55 MP: 9/13
  4947 | D:4      | Found a hazy altar of Hepliaklqana,
  5212 | D:4      | Noticed Pikel
  5571 | D:4      | Killed Pikel
  5571 | D:4      | Reached skill level 5 in Spellcasting
  5571 | D:4      | Reached XP level 8. HP: 59/62 MP: 9/16
  5687 | D:5      | Entered Level 5 of the Dungeon
  6783 | D:6      | Reached skill level 6 in Spellcasting
  6906 | D:6      | Reached ** piety under Sif Muna
  6974 | D:5      | Learned a level 4 spell: Petrify
  6981 | D:5      | Learned a level 5 spell: Fireball
  6986 | D:5      | Learned a level 4 spell: Sticky Flame
  7015 | D:6      | Noticed a manticore
  7054 | D:6      | Reached XP level 9. HP: 66/68 MP: 13/18
  7071 | D:5      | Reached skill level 1 in Fire Magic
  7236 | D:6      | Learned a level 2 spell: Blink
  7484 | D:6      | Found a bloodstained altar of Trog,
  7795 | D:6      | Found a glowing silver altar of Zin,
  7807 | D:6      | Found Ummug's Elemental Accessories,
  7931 | D:7      | Found a staircase to the Ecumenical Temple,
  7987 | D:7      | Reached skill level 5 in Conjurations
  8012 | D:7      | Found a stormy altar of Qazlal,
  8044 | D:7      | Noticed Harold
  8050 | D:7      | Killed Harold
  8050 | D:7      | Reached skill level 7 in Spellcasting
  8050 | D:7      | Reached skill level 5 in Fire Magic
  8595 | D:7      | Found an ornate altar of the Wu Jian Council,
  8681 | D:7      | Reached XP level 10. HP: 75/75 MP: 1/21
  9808 | D:8      | Reached skill level 8 in Spellcasting
 10150 | D:8      | Reached skill level 1 in Evocations
 10912 | D:9      | Reached *** piety under Sif Muna
 11107 | D:9      | Noticed a two-headed ogre
 11121 | D:9      | Killed a two-headed ogre
 11303 | D:9      | Learned a level 3 spell: Mephitic Cloud
 11835 | D:9      | Noticed a two-headed ogre
 11844 | D:9      | Killed a two-headed ogre
 11844 | D:9      | Reached XP level 11. HP: 80/80 MP: 3/23
 12180 | D:9      | Found a shimmering altar of Xom,
 12181 | D:9      | Found a burning altar of Makhleb,
 12447 | D:10     | Entered Level 10 of the Dungeon
 12700 | D:10     | Got a translucent hand crossbow
 12701 | D:10     | Identified the cursed +1 hand crossbow of Slow Death
                  | {vorpal, rElec rPois Str+3 Int+3} (You found it on level 10
                  | of the Dungeon)
 13122 | D:6      | Killed a manticore
 13439 | D:10     | Got an ichor-stained ring mail
 13462 | D:9      | Identified the +3 ring mail of Noon {Int+4 SInv} (You found
                  | it on level 10 of the Dungeon)
 13707 | D:10     | Found a staircase to the Lair,
 14023 | D:10     | Reached skill level 9 in Spellcasting
 14304 | D:10     | Reached **** piety under Sif Muna
 15299 | Lair:1   | Entered Level 1 of the Lair of Beasts
 15984 | Lair:1   | Reached XP level 12. HP: 74/87 MP: 15/25
 16159 | Lair:1   | Reached skill level 10 in Fire Magic
 16184 | Lair:1   | Noticed a five-headed hydra
 16189 | Lair:1   | Killed a five-headed hydra
 16189 | Lair:1   | Reached skill level 10 in Conjurations
 16320 | Lair:1   | Reached skill level 10 in Spellcasting
 16549 | Lair:1   | Reached skill level 1 in Fighting
 16806 | Lair:1   | Noticed an eight-headed hydra
 16815 | Lair:1   | Killed an eight-headed hydra
 16946 | Lair:1   | Reached skill level 1 in Invocations
 17606 | Lair:2   | Noticed a seven-headed hydra
 17614 | Lair:2   | Killed a seven-headed hydra
 17997 | Lair:2   | Reached skill level 1 in Translocations
 19491 | Lair:3   | Reached skill level 5 in Fighting
 19699 | Lair:3   | Found a staircase to the Shoals,
 19703 | Lair:3   | Gained mutation: You can use your snake-like lower body to
                  | constrict enemies. [Naga growth]
 19703 | Lair:3   | Reached XP level 13. HP: 92/108 MP: 2/27
 19892 | Lair:3   | Reached skill level 5 in Invocations
 21133 | Lair:4   | Found a hole to the Spider Nest,
 22622 | Lair:5   | Found a runed translucent door,
 22627 | Lair:5   | Noticed Gassoqo's ghost (journeyman GrGl)
 22996 | Lair:5   | Found a staircase to the Slime Pits,
 23314 | Lair:6   | Entered Level 6 of the Lair of Beasts
 24298 | Lair:6   | Reached ***** piety under Sif Muna
 24298 | Lair:6   | Reached skill level 11 in Spellcasting
 24450 | Lair:6   | Identified Sif Muna's Tome of Creation and Conjuration (Sif
                  | Muna gifted it to you on level 6 of the Lair of Beasts)
 24450 | Lair:6   | Received a gift from Sif Muna
 24497 | Lair:5   | Learned a level 5 spell: Bolt of Magma
 24674 | Lair:6   | Reached skill level 1 in Earth Magic
 25443 | Lair:6   | Reached XP level 14. HP: 112/120 MP: 9/29
 26475 | Lair:6   | Reached skill level 10 in Invocations
 26992 | Lair:6   | Reached skill level 5 in Earth Magic
 27265 | Lair:6   | Got a sparkling golden ring
 27268 | Lair:6   | Identified the ring of Neurosis {rN+++ MR+} (You found it
                  | on level 6 of the Lair of Beasts)
 27529 | Lair:6   | Reached skill level 12 in Spellcasting
 28644 | D:11     | Noticed Sonja
 28648 | D:11     | Killed Sonja
 29188 | D:11     | Found a staircase to the Orcish Mines,
 29750 | D:11     | Received a gift from Sif Muna
 31077 | D:11     | Got a steaming falchion
 31316 | Orc:1    | Entered Level 1 of the Orcish Mines
 31316 | Orc:1    | Found Kevviq's Gadget Shoppe,
 31316 | Orc:1    | Noticed Erolcha
 31319 | Orc:1    | Killed Erolcha
 31756 | Orc:1    | Noticed Nergalle
 31759 | Orc:1    | Killed Nergalle
 32066 | Orc:2    | Entered Level 2 of the Orcish Mines
 32763 | Orc:2    | Reached skill level 13 in Spellcasting
 32839 | Orc:2    | Reached XP level 15. HP: 126/126 MP: 16/32
 32930 | Orc:2    | Found a roughly hewn altar of Beogh,
 32934 | Orc:2    | Found Basep's General Store,
 32986 | Orc:2    | Found a roughly hewn altar of Beogh,
 34027 | Orc:2    | Found Xuasch's Assorted Antiques,
 34036 | Orc:2    | Bought a sedimented emerald potion for 28 gold pieces
 34036 | Orc:2    | Bought a scroll labeled ZIZEIHEYMU for 32 gold pieces
 34101 | Orc:2    | Found a roughly hewn altar of Beogh,
 34188 | Orc:2    | Found a roughly hewn altar of Beogh,
 34194 | Orc:2    | Found Kuje's Antique Weapon Boutique,
 34325 | Orc:2    | Found a staircase to the Elven Halls,
 34357 | Orc:2    | Found a roughly hewn altar of Beogh,
 35163 | Orc:2    | Identified Sif Muna's Collected Works on Flames and Snow
                  | (Sif Muna gifted it to you on level 2 of the Orcish Mines)
 35163 | Orc:2    | Received a gift from Sif Muna
 35568 | Orc:2    | Noticed Saint Roka
 35578 | Orc:2    | Killed Saint Roka
 35937 | Orc:2    | Found a roughly hewn altar of Beogh,
 36043 | Orc:2    | Found Saelaecw's Antique Weapon Shoppe,
 36044 | Orc:2    | Found a roughly hewn altar of Beogh,
 36046 | Orc:2    | Found Nefy's Antique Armour Emporium,
 36123 | Orc:2    | Bought a scroll of acquirement for 572 gold pieces
 36184 | Orc:2    | Bought a runed helmet for 202 gold pieces
 36184 | Orc:2    | Bought a shiny kite shield for 202 gold pieces
 36184 | Orc:2    | Bought a brightly glowing robe for 153 gold pieces
 36270 | Orc:2    | Bought a scroll of identify for 64 gold pieces
 36270 | Orc:2    | Bought a scroll of identify for 64 gold pieces
 36332 | Orc:2    | Identified the cursed +1 robe "Hehidd" {Int+3 SInv} (You
                  | bought it in a shop on level 2 of the Orcish Mines)
 36429 | Orc:2    | Bought a notched moonstone ring for 160 gold pieces
 36431 | Orc:2    | Identified the amulet "Efa Dytesm" {Reflect *Drain rPois
                  | rF+ SH+2} (You acquired it on level 2 of the Orcish Mines)
 36473 | Orc:1    | Bought a wand of digging (7) for 374 gold pieces
 36473 | Orc:1    | Bought a wand of iceblast (8) for 204 gold pieces
 36473 | Orc:1    | Bought a wand of acid (4) for 272 gold pieces
 36473 | Orc:1    | Bought a wand of iceblast (8) for 204 gold pieces
 37090 | D:12     | Identified the +6 falchion "Death Rattle" {speed, rPois
                  | MP+9} (You found it on level 11 of the Dungeon)
 39035 | D:13     | Identified the cursed ring "Renweihy" {*Contam *Corrode
                  | +Blink +Fly Str-3}
 39264 | D:13     | Reached skill level 5 in Shields
 40271 | D:13     | Found a gate to the Vaults,
 41381 | D:14     | Identified Sif Muna's Incunabulum of Unholy Transmutation
                  | (Sif Muna gifted it to you on level 14 of the Dungeon)
 41381 | D:14     | Received a gift from Sif Muna
 41628 | D:14     | Reached XP level 16. HP: 135/135 MP: 27/33
 41994 | D:15     | Entered Level 15 of the Dungeon
 42841 | D:15     | Found a staircase to the Depths,
 43463 | Elf:1    | Entered Level 1 of the Elven Halls
 43664 | Elf:1    | Identified the ring "Woxkilas" {rN+++ EV+5 Int-5 Slay+5
                  | Stlth+}
 43717 | Elf:1    | Identified the Tome of Attacks
 43833 | Elf:1    | Learned a level 6 spell: Starburst
 43956 | Elf:1    | Reached skill level 14 in Spellcasting
 44786 | Elf:2    | Found a frozen archway,
 44829 | Elf:2    | Found Ikas Xiuhoodd's Armour Shoppe,
 45113 | Elf:2    | Found a runed translucent door,
 45136 | Elf:2    | Found a runed translucent door,
 45699 | Elf:2    | Found a runed translucent gate,
 45699 | Elf:2    | Found a runed translucent gate,
 45699 | Elf:2    | Noticed a tentacled monstrosity
 45700 | Elf:2    | Found a runed translucent gate,
 45700 | Elf:2    | Noticed a tentacled monstrosity
 45700 | Elf:2    | Noticed a tentacled monstrosity
 45956 | Elf:2    | Learned a level 6 spell: Deflect Missiles
 45998 | Elf:2    | Killed a tentacled monstrosity
 45999 | Elf:2    | Killed a tentacled monstrosity
 46004 | Elf:2    | Killed a tentacled monstrosity
 46004 | Elf:2    | Reached skill level 10 in Fighting
 46306 | Elf:2    | Found a runed translucent gate,
 46306 | Elf:2    | Found a runed translucent gate,
 46314 | Elf:2    | Found a runed translucent gate,
 46316 | Elf:2    | Noticed CryoSword's ghost (adept OgBe)
 46365 | Elf:3    | Entered Level 3 of the Elven Halls
 46603 | Elf:3    | Reached XP level 17. HP: 154/154 MP: 24/35
 46725 | Elf:3    | Identified Sif Muna's Volume of the Compass and the
                  | Mountains (Sif Muna gifted it to you on level 3 of the
                  | Elven Halls)
 46725 | Elf:3    | Received a gift from Sif Muna
 46744 | Elf:2    | Learned a level 6 spell: Iron Shot
 46962 | Elf:3    | Found a shimmering blue altar of Sif Muna,
 47934 | Elf:3    | Identified the cursed +3 scimitar "Neam" {antimagic, rF-
                  | Int+6}
 48297 | Elf:3    | Noticed a deep elf master archer
 48304 | Elf:3    | Noticed a Brimstone Fiend
 48304 | Elf:3    | Killed a deep elf master archer
 48529 | Elf:3    | Noticed a deep elf blademaster
 48534 | Elf:3    | Killed a deep elf blademaster
 48534 | Elf:3    | Reached skill level 1 in Charms
 48534 | Elf:3    | Reached skill level 1 in Air Magic
 48694 | Elf:3    | Noticed a deep elf master archer
 48710 | Elf:3    | Killed a deep elf master archer
 49328 | Elf:3    | Identified the +3 plate armour of the Immovable Ships
                  | {rElec Regen+ Str+3}
 49328 | Elf:3    | Identified the amulet "Gauwing" {Harm *Drain Stlth+}
 49328 | Elf:3    | Noticed a deep elf blademaster
 49434 | Elf:3    | Identified the cursed +1 robe of the Lion {Int+6}
 49453 | Elf:3    | Killed a deep elf blademaster
 49486 | Elf:3    | Identified the cursed +0 robe of the Gate {+Inv Int+4}
 49486 | Elf:3    | Identified the amulet of Myumoan {Acrobat Int+4}
 49784 | Elf:3    | Got a slimy flail
 49785 | Elf:3    | Identified the cursed +0 flail "Hecezine" {speed, rPois}
                  | (You found it on level 3 of the Elven Halls)
 49824 | Elf:3    | Identified the Compendium of Curses and Transformation
 49983 | Orc:2    | Bought a scroll of teleportation for 96 gold pieces
 50109 | Shoals:1 | Entered Level 1 of the Shoals
 50660 | Shoals:1 | Reached XP level 18. HP: 118/163 MP: 1/36
 50995 | Shoals:1 | Reached skill level 15 in Spellcasting
 52112 | Shoals:2 | Reached skill level 5 in Charms
 52112 | Shoals:2 | Reached skill level 5 in Air Magic
 52618 | Shoals:2 | Got a pitted shortbow
 53014 | Shoals:3 | Found an ancient bone altar of Kikubaaqudgha,
 54949 | Shoals:4 | Entered Level 4 of the Shoals
 56406 | Shoals:4 | Identified the amulet of Icho {Gourm rC+ SInv}
 56513 | Shoals:4 | Identified Sif Muna's Handbook of Shape Shifting and Evil
                  | Rites (Sif Muna gifted it to you on level 4 of the Shoals)
 56513 | Shoals:4 | Received a gift from Sif Muna
 57086 | Shoals:4 | Got a barnacled rune of Zot
 57106 | Shoals:4 | Identified the +8 flail of the Puffin {pain, rC+}
 57131 | Shoals:4 | Noticed Kirke
 57138 | Shoals:4 | Killed Kirke
 57509 | Shoals:4 | Reached XP level 19. HP: 140/170 MP: 23/38
 58122 | Shoals:4 | Reached skill level 16 in Spellcasting
 58434 | Lair:1   | Learned a level 8 spell: Ignition
 58853 | Elf:2    | Killed CryoSword's ghost
 58920 | Elf:2    | Learned a level 1 spell: Apportation
 58929 | Elf:2    | Got an encrusted cloak
 58987 | Elf:1    | Identified the +2 cloak of Wucw {rElec rC- MR++ Int+2} (You
                  | found it on level 2 of the Elven Halls)
 59259 | Spider:1 | Entered Level 1 of the Spider Nest
 59293 | Spider:1 | Identified the Catalogue of Earth (You acquired it on level
                  | 1 of the Spider Nest)
 60745 | Spider:2 | Noticed Azrael
 60828 | Spider:2 | Killed Azrael
 62195 | Spider:2 | Got an iridescent dire flail
 62847 | Spider:3 | Noticed Arachne
 63414 | Spider:2 | Identified Sif Muna's Grimoire of Boosting Confrontation
                  | (Sif Muna gifted it to you on level 2 of the Spider Nest)
 63414 | Spider:2 | Received a gift from Sif Muna
 63660 | Spider:2 | Killed Arachne
 64655 | Spider:4 | Entered Level 4 of the Spider Nest
 64670 | Spider:4 | Reached skill level 15 in Fire Magic
 65380 | Spider:4 | Reached XP level 20. HP: 177/177 MP: 24/40
 65427 | Spider:4 | Identified Dikeabiu's Disquisition on Cold and the Arsonist
                  | (Sif Muna gifted it to you on level 4 of the Spider Nest)
 65427 | Spider:4 | Received a gift from Sif Muna
 65917 | Spider:4 | Reached skill level 17 in Spellcasting
 66152 | Spider:4 | Got a gossamer rune of Zot
 66770 | Vaults:1 | Entered Level 1 of the Vaults
 67081 | Vaults:1 | Identified Sif Muna's Compendium of Combat Magic (Sif Muna
                  | gifted it to you on level 1 of the Vaults)
 67081 | Vaults:1 | Received a gift from Sif Muna
 68925 | Vaults:1 | Reached XP level 21. HP: 178/184 MP: 6/42
 69531 | Vaults:2 | Identified Sif Muna's Grimoire of the Escort and Necromancy
                  | (Sif Muna gifted it to you on level 2 of the Vaults)
 69531 | Vaults:2 | Received a gift from Sif Muna
 69992 | Vaults:2 | Reached skill level 18 in Spellcasting
 70188 | Vaults:2 | Reached skill level 5 in Dodging
 72211 | Vaults:3 | Received a gift from Sif Muna
 72496 | Vaults:3 | Found a staircase to the Crypt,
 72511 | Vaults:3 | Got a heavily runed turquoise ring
 72512 | Vaults:3 | Identified the ring "Bahitz" {*Contam rN+ MP+9 Dex+5} (You
                  | found it on level 3 of the Vaults)
 73015 | Vaults:3 | Noticed Mara
 73017 | Vaults:3 | Noticed Duffy's illusion
 73353 | Vaults:3 | Reached XP level 22. HP: 200/200 MP: 36/44
 73867 | Vaults:3 | Got a translucent plate armour
 74248 | Vaults:3 | Found a staircase to the Crypt,
 74611 | Vaults:3 | Killed Mara
 75096 | Vaults:4 | Noticed Frederick
 75106 | Vaults:4 | Killed Frederick
 75315 | Vaults:4 | Found Jeckoisa's Antique Weapon Emporium,
 75453 | Vaults:4 | Identified the +8 glaive "Hydra's Demise" {chaos, +Blink
                  | rElec rC- Int+4}
 75924 | Vaults:4 | Reached skill level 10 in Dodging
 76973 | Vaults:4 | Identified Sif Muna's Guide on Unholy Secrets and
                  | Confrontation (Sif Muna gifted it to you on level 4 of the
                  | Vaults)
 76973 | Vaults:4 | Received a gift from Sif Muna
 77311 | Vaults:5 | Entered Level 5 of the Vaults
 77312 | Vaults:5 | Reached skill level 15 in Fighting
 77312 | Vaults:5 | Reached XP level 23. HP: 217/217 MP: 36/45
 77707 | Orc:2    | Bought a scroll of fog for 22 gold pieces
 77707 | Orc:2    | Bought a scroll of enchant armour for 82 gold pieces
 77707 | Orc:2    | Bought a scroll of immolation for 38 gold pieces
 77883 | D:15     | Learned a level 9 spell: Fire Storm
 77884 | Depths:1 | Entered Level 1 of the Depths
 77884 | Depths:1 | Found a gateway to Hell,
 78165 | Depths:1 | Found Telifim's Jewellery Boutique,
 78166 | Depths:1 | Found Geucenno's Gadget Emporium,
 78167 | Depths:1 | Found Wateppu's Jewellery Boutique,
 78689 | Depths:1 | Found Leeshridutzu's Gadget Shop,
 79113 | Depths:1 | Identified Sif Muna's Incunabulum of the Hurtful Rocks (Sif
                  | Muna gifted it to you on level 1 of the Depths)
 79113 | Depths:1 | Received a gift from Sif Muna
 79406 | Depths:1 | Bought an uncursed ring of resist corrosion for 400 gold
                  | pieces
 79714 | Slime:1  | Entered Level 1 of the Pits of Slime
 80556 | Slime:3  | Identified Sif Muna's Intricacies of Casting (Sif Muna
                  | gifted it to you on level 3 of the Pits of Slime)
 80556 | Slime:3  | Received a gift from Sif Muna
 80630 | Slime:4  | Gained mutation: You are dopey. (Int -2) [a shining eye]
 80743 | Slime:5  | Entered Level 5 of the Pits of Slime
 80747 | Slime:5  | Reached skill level 19 in Spellcasting
 80872 | Slime:4  | Gained mutation: You are weak. (Str -2) [a shining eye]
 81552 | Slime:5  | Noticed the Royal Jelly
 81557 | Slime:5  | Killed the Royal Jelly
 81646 | Slime:5  | Reached XP level 24. HP: 167/225 MP: 25/46
 81811 | Slime:5  | Gained mutation: You are frail. (-10% HP) [a shining eye]
 81998 | Slime:5  | Found the +0 pair of fencer's gloves {Riposte Dex+3}
 82023 | Slime:5  | Got an ichor-stained scale mail
 82082 | Slime:5  | Got a slimy rune of Zot
 82099 | Slime:5  | Identified Qeunuar's Compendium of Dark Flames
 82348 | Slime:5  | Identified the +4 scale mail of Pan-Flutes {Str+4 Int+3}
                  | (You found it on level 5 of the Pits of Slime)
 82480 | Lair:5   | Killed Gassoqo's ghost
 83040 | D:15     | Lost mutation: You are dopey. (Int -2) [potion of mutation]
 83040 | D:15     | Lost mutation: You are weak. (Str -2) [potion of mutation]
 83040 | D:15     | Lost mutation: You are frail. (-10% HP) [potion of
                  | mutation]
 83040 | D:15     | Gained mutation: Your mind is acute. (Int +2) [potion of
                  | mutation]
 83102 | Depths:2 | Noticed a juggernaut
 83216 | Depths:2 | Received a gift from Sif Muna
 84134 | Depths:2 | Reached skill level 15 in Conjurations
 84213 | Depths:2 | Killed a juggernaut
 84278 | Depths:2 | Identified the cursed +0 leather armour of Dithmenos's
                  | Pride {Str+3 Int+3 Stlth+}
 84487 | Depths:2 | Identified the +7 spear "Munoedd" {pain, rF+ Str+4}
 84541 | Depths:2 | Reached skill level 20 in Spellcasting
 84661 | Depths:2 | Noticed a juggernaut
 84668 | Depths:2 | Killed a juggernaut
 85690 | Depths:2 | Found a one-way gate leading to the halls of Pandemonium,
 86415 | Depths:3 | Received a gift from Sif Muna
 86498 | Depths:3 | Found a one-way gate to the infinite horrors of the Abyss,
 87301 | Depths:3 | Reached XP level 25. HP: 232/232 MP: 2/47
 88240 | Depths:3 | Received a gift from Sif Muna
 88702 | Crypt:1  | Entered Level 1 of the Crypt
 88761 | Vaults:3 | Learned a level 5 spell: Lee's Rapid Deconstruction
 89027 | Crypt:1  | Reached skill level 21 in Spellcasting
 89593 | Crypt:1  | Found a basalt altar of Yredelemnul,
 91245 | Crypt:2  | Received a gift from Sif Muna
 91707 | Crypt:3  | Entered Level 3 of the Crypt
 91707 | Crypt:3  | Noticed Margery
 91949 | Crypt:3  | Killed Margery
 92478 | Crypt:3  | Noticed Boris
 92490 | Crypt:3  | Killed Boris
 92717 | Crypt:3  | Identified the Tome of Unholy Rites
 93143 | Crypt:3  | Got a transparent rapier
 93144 | Crypt:3  | Identified the +8 rapier of Usainuup {pain, +Inv Str+5}
                  | (You found it on level 3 of the Crypt)
 94102 | Crypt:3  | Reached XP level 26. HP: 213/241 MP: 38/48
 94194 | Crypt:3  | Found a staircase to the Tomb,
 94255 | Crypt:3  | Identified Sif Muna's Volume of Calling (Sif Muna gifted it
                  | to you on level 3 of the Crypt)
 94255 | Crypt:3  | Received a gift from Sif Muna
 94331 | Crypt:3  | Found an ancient bone altar of Kikubaaqudgha,
 94338 | Crypt:3  | Noticed an ancient lich
 94347 | Crypt:3  | Killed an ancient lich
 94416 | Crypt:3  | Noticed an ancient lich
 94422 | Crypt:3  | Killed an ancient lich
 95394 | Depths:4 | Found a gateway to a ziggurat,
 95459 | Zig:1    | Entered Level 1 of a ziggurat
 95491 | Zig:2    | Entered Level 2 of a ziggurat
 95552 | Zig:3    | Entered Level 3 of a ziggurat
 95610 | Zig:4    | Entered Level 4 of a ziggurat
 95614 | Zig:4    | Reached skill level 22 in Spellcasting
 95659 | Zig:4    | Got a smoking hand axe
 95676 | Zig:5    | Entered Level 5 of a ziggurat
 95758 | Zig:5    | Identified the Collected Works on the Entourage and
                  | Translocation
 95761 | Zig:5    | Got an ancient golden amulet
 95762 | Zig:5    | Identified the amulet of the Morning {Spirit Str+6 Int+2
                  | Dex-4} (You found it on level 5 of a ziggurat)
 95767 | Zig:6    | Entered Level 6 of a ziggurat
 95868 | Zig:6    | Got a twisted flail
 95872 | Zig:6    | Got a bone hand axe
 95886 | Zig:7    | Entered Level 7 of a ziggurat
 95892 | Zig:7    | Noticed an ancient lich
 95897 | Zig:7    | Killed an ancient lich
 95985 | Zig:7    | Found the +0 staff of Battle
 96034 | Zig:8    | Entered Level 8 of a ziggurat
 96041 | Zig:8    | Gained mutation: Potions are less effective at restoring
                  | your health. [a shining eye]
 96078 | Zig:8    | Got an encrusted scale mail
 96084 | Zig:8    | Got a flickering lead ring
 96095 | Zig:8    | Identified the Handbook of the Evil Compass
 96100 | Zig:8    | Identified the ring "Menat" {rCorr MP+9 Str-5 Stlth+} (You
                  | found it on level 8 of a ziggurat)
 96110 | Zig:9    | Entered Level 9 of a ziggurat
 96120 | Zig:9    | Noticed a juggernaut
 96120 | Zig:9    | Noticed a juggernaut
 96122 | Zig:9    | Identified Sif Muna's Thorough Guide to Witchcraft (Sif
                  | Muna gifted it to you on level 9 of a ziggurat)
 96122 | Zig:9    | Received a gift from Sif Muna
 96125 | Zig:9    | Killed a juggernaut
 96131 | Zig:9    | Killed a juggernaut
 96215 | Zig:9    | Found the +3 robe of Clouds {+Thunder rCloud rElec}
 96232 | Zig:9    | Got a brightly glowing ring mail
 96260 | Zig:9    | Identified the +3 ring mail of the Evil One {Dex+4} (You
                  | found it on level 9 of a ziggurat)
 96290 | Zig:10   | Entered Level 10 of a ziggurat
 96900 | Zig:10   | Identified the Handbook of the Frostbite and the Voyage
 96905 | Zig:10   | Got a glittering bone ring
 96907 | Zig:10   | Got an ancient steel ring
 96912 | Zig:10   | Identified the ring of Sippex {Str+3 Int+3} (You found it
                  | on level 10 of a ziggurat)
 96913 | Zig:10   | Identified the ring of Ginn {AC+1 Str+4 Int+7} (You found
                  | it on level 10 of a ziggurat)
 96923 | Zig:10   | Lost mutation: Potions are less effective at restoring your
                  | health. [potion of mutation]
 96923 | Zig:10   | Lost mutation: Your mind is acute. (Int +2) [potion of
                  | mutation]
 96923 | Zig:10   | Gained mutation: Your spells are a little harder to cast,
                  | but a little more powerful. [potion of mutation]
 96923 | Zig:10   | Gained mutation: Your flesh is cold resistant. (rC+)
                  | [potion of mutation]
 96923 | Zig:10   | Gained mutation: You expend magic power (3 MP) to
                  | strengthen your wands. [potion of mutation]
 96942 | Zig:11   | Entered Level 11 of a ziggurat
 97143 | Zig:11   | Got a dazzling glaive
 97146 | Zig:11   | Got a flickering turquoise ring
 97147 | Zig:11   | Identified the ring "Titit" {+Inv +Fly rC++ Str-5 Int+3}
                  | (You found it on level 11 of a ziggurat)
 97169 | Zig:12   | Entered Level 12 of a ziggurat
 97184 | Zig:12   | Reached XP level 27. HP: 227/245 MP: 41/49
 97356 | Zig:13   | Entered Level 13 of a ziggurat
 97369 | Zig:13   | Noticed Beneozaq the pandemonium lord
 97369 | Zig:13   | Noticed Kick the pandemonium lord
 97370 | Zig:13   | Noticed Zeveyzaz the pandemonium lord
 97370 | Zig:13   | Noticed Samulemn the pandemonium lord
 97371 | Zig:13   | Killed Zeveyzaz the pandemonium lord
 97373 | Zig:13   | Reached skill level 23 in Spellcasting
 97373 | Zig:13   | Killed Beneozaq the pandemonium lord
 97373 | Zig:13   | Identified Sif Muna's Reference Book on Ensnaring
                  | Enhancements (Sif Muna gifted it to you on level 13 of a
                  | ziggurat)
 97373 | Zig:13   | Received a gift from Sif Muna
 97375 | Zig:13   | Killed Kick the pandemonium lord
 97378 | Zig:13   | Killed Samulemn the pandemonium lord
 97715 | Zig:14   | Entered Level 14 of a ziggurat
 97728 | Zig:14   | Noticed an ancient lich
 97730 | Zig:14   | Found the ring of Phasing {EV+8}
 97732 | Zig:14   | Noticed a greater mummy
 97733 | Zig:14   | Noticed a greater mummy
 97735 | Zig:14   | Killed an ancient lich
 97736 | Zig:14   | Killed a greater mummy
 97736 | Zig:14   | Killed a greater mummy
 97863 | Zig:14   | Got an ebony quarterstaff
 97877 | Zig:14   | Identified Vin Wuda's Catalogue of Noxious Earth
 97887 | Zig:14   | Got a fine falchion
 97927 | Zig:15   | Entered Level 15 of a ziggurat
 97952 | Zig:15   | Identified Sif Muna's Catalogue of Flying Summoning (Sif
                  | Muna gifted it to you on level 15 of a ziggurat)
 97952 | Zig:15   | Received a gift from Sif Muna
 98109 | Zig:15   | Found the +0 mask of the Dragon {MR+ Slay+3 SInv}
 98122 | Zig:15   | Got a bone broad axe
 98123 | Zig:15   | Identified the +4 broad axe of the Eel {flame, Int+3} (You
                  | found it on level 15 of a ziggurat)
 98220 | Zig:16   | Entered Level 16 of a ziggurat
 98237 | Zig:16   | Reached skill level 24 in Spellcasting
 98579 | Zig:16   | Got emerald-encrusted shadow dragon scales
 98599 | Zig:16   | Identified the +1 shadow dragon scales of the Eagle {+Inv
                  | Stlth++++} (You found it on level 16 of a ziggurat)
 98630 | Zig:17   | Entered Level 17 of a ziggurat
 98650 | Zig:17   | Quit the game

Levels and vault maps discovered:
D:1:      nicolae_arrival_somewhat_less_tricky_arrival, layout_loops_ring,
          minmay_split_cup_large
D:2:      layout_basic, vehumet_crystals, nicolae_overflow_hidden_temple,
          nicolae_ru_the_path_less_chosen, elyvilon_altar_4
D:3:      layout_loops_cross, led_sif_book, first_ration,
          cheibrodos_sewer_entry_sluice, kennysheep_decorative_pillar,
          uniq_natasha
D:4:      layout_loops_ring, overflow_temple_1_default, st_stairs_8, uniq_pikel
D:5:      layout_loops_ring
D:6:      layout_rooms, lemuel_doored_altar, trog_eyes_of_draining,
          nicolae_elemental_shop
D:7:      layout_loops_ring, kennysheep_little_box, grunt_qazlal_clouds,
          minmay_temple_entry_trees, uniq_harold
D:8:      layout_basic
D:9:      layout_gridville, grunt_temple_overflow_champion_of_chaos
D:10:     layout_basic, minmay_lair_entry_grove
D:11:     regret_index_wax_grids, layout_rooms, david_orc_3, uniq_sonja
D:12:     layout_grid_maze
D:13:     layout_long_grid, grunt_vaults_entry_tiered
D:14:     layout_roguey, chequers_serial_rivers_small_a, serial_ice,
          serial_ice_d, serial_ice_l, serial_ice_c, serial_ice_b, serial_ice_f,
          serial_ice_m, serial_ice_e, serial_ice_o, serial_ice_a, serial_ice_h,
          grunt_livestock
D:15:     hangedman_depths_entry_try_elsewhere_first, layout_basic,
          minmay_strange_pillars
Lair:1:   kb_forest_paths, layout_gridlike, lemuel_old_faithful,
          minmay_lair_oklob_chamber, lemuel_fruit_tree
Lair:2:   layout_cave_pods, chequers_serial_rivers_large_b
Lair:3:   layout_cave_pods, minmay_shoals_entry_centaurs,
          chequers_serial_rivers_room_a
Lair:4:   layout_cave_pods, spider_nest_entry_web_field, grunt_megastairs_1
Lair:5:   layout_big_grid, slime_dummy, ebering_ghost_reflecting_pool,
          infiniplex_staircase_pool_2
Lair:6:   minmay_lair_end_enchanted_forest, layout_big_grid, grunt_megastairs_5,
          serial_bayou_shore_a
Shoals:1: layout_shoals
Shoals:2: layout_shoals
Shoals:3: layout_shoals, lemuel_altar_in_water
Shoals:4: shoals_end_grunt_ice, layout_shoals, uniq_kirke
Spider:1: layout_chambers
Spider:2: spiders_nest_scorpion_pit, uniq_azrael
Spider:3: cheibrodos_forgotten_conduit, spiders_nest_ghost_moth_duel,
          nicolae_spider_cling_halls, uniq_arachne
Spider:4: floodkiller_spider_rune_tomb
Slime:1:  layout_caves
Slime:2:  layout_caves, uniq_dissolution
Slime:3:  layout_caves, cheibrodos_slime_lost_civilization_4
Slime:4:  layout_caves
Slime:5
Orc:1:    layout_diamond_mine, serial_shops, nicolae_shop_window_shopping,
          uniq_erolcha, uniq_nergalle
Orc:2:    grunt_orc_community_town_hall, layout_diamond_mine,
          grunt_orc_community_big_house_2, grunt_orc_community_big_house_1,
          grunt_orc_community_house_3, grunt_orc_community_house_2,
          grunt_orc_community_house_1, grunt_orc_community_house_1,
          grunt_orc_community_house_3, grunt_orc_community_house_2,
          serial_shops, shop, abandoned_shop, elves_outpost_lemuel
Elf:1:    layout_geoelf_octagon, minmay_elf_annihilation
Elf:2:    layout_geoelf_grid, ploomutoo_gammafunk_ghost_potion_laboratory,
          portal_ice_cave_entry_pillars_three, serial_shops, shop
Elf:3:    elf_hall, layout_loops_ring, basic_altar, grunt_megastairs_3
Vaults:1: hangedman_vaults_hat, nicolae_vaults_triangles, vaults_room_grid,
          v_misc_18, nicolae_vaults_octagons, hangedman_vaults_stitches,
          ontoclasm_vaults_hangar, vaults_room_grunt_arrival_checkpoint,
          nicolae_vaults_little_squares_2, layout_vaults_big_cross
Vaults:2: vaults_mumra_minichess_inversion, dpeg_vaults_monster_row,
          nicolae_vaults_specimen_jars, nicolae_vaults_mini_display_case,
          nicolae_vaults_network_s, nicolae_vaults_little_squares_4, v_misc_29,
          vaults_room_door_ring, nicolae_vaults_little_squares_2,
          ontoclasm_vaults_hangar, layout_vaults_quadrants
Vaults:3: minmay_crypt_entry_simple_statues, v_misc_12, dpeg_vaults_waves,
          grunt_vaults_twisty, vaults_room_fours,
          nicolae_vaults_twisting_passages, v_misc_26,
          hangedman_vaults_capsules, nicolae_vaults_asterisk,
          layout_vaults_ring, uniq_mara
Vaults:4: nicolae_vaults_arrows, v_misc_2, v_misc_10, vaults_room_door_hall,
          vaults_mumra_hex, v_misc_24, grunt_vaults_focal, v_rooms_5,
          nicolae_vaults_shelves_hall, nicolae_vaults_little_squares_2,
          layout_vaults_maze, serial_shops, nicolae_shop_behind_doors,
          uniq_frederick
Vaults:5
Crypt:1:  layout_basic, st_stairs_12, lemuel_mausoleum_altar_yredelemnul
Crypt:2:  layout_chaotic_city, minmay_misc_feat_hallway,
          corexii_leaking_fountain, uniq_saint_roka
Crypt:3:  quadcrypt_mu, uniq_boris, uniq_margery
Depths:1: layout_long_grid, serial_shops, shop, hell_entry, minmay_crystal_room,
          minmay_holes, nrook_kobold_shadow_demons, minmay_shop_grove
Depths:2: minmay_four_inscribed_fans, layout_basic, pan_entry, hell_entry,
          roderic_serpentine_path, serial_sigils_hangedman_shear
Depths:3: minmay_spriggan_fort, layout_gridville, grunt_pan_entry_spiral,
          hangedman_abyss_entry_splay, hell_entry, corexii_hall_statues_t,
          infiniplex_staircase_pillars_3a
Depths:4: minmay_expanding_circles, layout_gridlike, enter_ziggurat_a,
          pf_vacation_house_of_asmodeus, abyss_entry, dk_noncrumbling_3,
          serial_shops, shop, xom_teletrap_fun, infiniplex_staircase_zigzag_2,
          uniq_xtahua
Zig:17:   ziggurat_pillar_abc, ziggurat_pillar_abc, ziggurat_pillar_abc,
          ziggurat_pillar_abc

Skill      XL: |  1  2  3  4  5  6  7  8  9 10 11 12 13 14 15 16 17 18 19 20 21 22 23 24 25 26 27 |
---------------+----------------------------------------------------------------------------------+-----
Spellcasting   | 3 4 5 6 7 8 9 10 11 13 14 15 16 17 18 19 20 21 22 24 | 24.6
Shields        | 1 2 7 9 |  9.0
Ice Magic      | 5 6 7 8 |  8.0
Conjurations   | 2 4 5 7 9 10 11 12 14 16 18 19 20 | 20.0
Fire Magic     | 5 8 9 10 11 12 15 17 18 19 20 | 20.0
Evocations     | 3 |  3.3
Dodging        | 3 4 8 11 | 11.8
Fighting       | 5 6 10 12 15 | 15.0
Invocations    | 4 9 11 | 11.0
Translocations | 3 |  3.5
Earth Magic    | 3 6 7 8 9 |  9.0
Charms         | 4 6 |  6.0
Air Magic      | 4 6 |  6.0
Stealth        | |  3.0

Action                   |  1- 3 |  4- 6 |  7- 9 | 10-12 | 13-15 | 16-18 | 19-21 | 22-24 | 25-27 || total
-------------------------+-------+-------+-------+-------+-------+-------+-------+-------+-------++-------
Melee: Unarmed           |     6 |     4 |       |       |       |       |       |       |       ||    10
       Trident           |       |       |    98 |    40 |       |       |       |       |       ||   138
       Constrict         |       |       |       |       |       |       |       |     2 |     8 ||    10
       Staff             |       |       |       |       |       |       |       |       |     3 ||     3
 Fire: Hand crossbow     |       |       |       |    51 |    54 |       |       |       |       ||   105
Throw: Dart              |       |       |       |     1 |       |       |       |       |       ||     1
       Throwing net      |       |       |       |       |       |     2 |       |       |       ||     2
 Cast: Freeze            |    27 |   107 |    86 |   184 |   150 |       |       |       |       ||   554
       Frozen Ramparts   |     2 |     5 |    16 |    31 |    12 |       |       |       |       ||    66
       Hailstorm         |       |       |    11 |    15 |     5 |       |       |       |       ||    31
       Sticky Flame      |       |       |     6 |    71 |    77 |     1 |       |       |       ||   155
       Blink             |       |       |     2 |     1 |     1 |     4 |       |     2 |     2 ||    12
       Fireball          |       |       |     1 |    56 |   343 |   284 |     7 |    36 |    43 ||   770
       Bolt of Magma     |       |       |       |       |   142 |   269 |    40 |   196 |   309 ||   956
       Mephitic Cloud    |       |       |       |       |     2 |       |       |     2 |       ||     4
       Iron Shot         |       |       |       |       |       |     4 |    29 |   111 |   102 ||   246
       Deflect Missiles  |       |       |       |       |       |     6 |     6 |     4 |       ||    16
       Starburst         |       |       |       |       |       |       |   414 |   124 |     9 ||   547
       Ignition          |       |       |       |       |       |       |    48 |    70 |    64 ||   182
       Apportation       |       |       |       |       |       |       |     7 |     2 |       ||     9
       Lee's Rapid Decon |       |       |       |       |       |       |       |       |     9 ||     9
Invok: Channel Magic     |       |       |       |       |     3 |    17 |    10 |     8 |    16 ||    54
 Abil: Spit Poison       |    15 |    14 |    13 |     5 |     1 |       |       |       |       ||    48
       Evoke Berserk Rag |     1 |     1 |       |       |       |       |       |       |       ||     2
Evoke: Wand              |       |       |     3 |    11 |    47 |    11 |     6 |    11 |       ||    89
       Lightning rod     |       |       |       |       |     8 |       |     4 |     8 |       ||    20
       Box of beasts     |       |       |       |       |       |     2 |       |       |       ||     2
  Use: Scroll            |     2 |     4 |     5 |     9 |    23 |    12 |     9 |     3 |    13 ||    80
       Potion            |       |       |       |       |     1 |     2 |     1 |     2 |     5 ||    11
 Stab: Distracted        |       |       |     1 |       |       |       |       |       |       ||     1
  Eat: Chunk             |     2 |    11 |    14 |    28 |    51 |    11 |    25 |    21 |     4 ||   167
       Ration            |       |       |       |     4 |    10 |    11 |     6 |     9 |    10 ||    50
Armor: Robe              |    14 |    27 |    42 |    33 |    30 |    61 |   114 |    65 |    71 ||   457
       Troll leather arm |       |       |       |    16 |       |       |       |       |       ||    16
       Ring mail         |       |       |       |    73 |   146 |       |       |       |       ||   219
       Skin              |       |       |       |       |       |       |       |       |     2 ||     2
Dodge: Dodged            |    30 |    52 |    67 |   125 |   324 |   132 |   198 |   153 |   197 ||  1278
       Deflected         |       |       |       |       |       |    39 |    59 |    53 |     9 ||   160
Block: Buckler           |       |    20 |    29 |    48 |    92 |       |       |       |       ||   189
       Kite shield       |       |       |       |       |    57 |   186 |   231 |   129 |   235 ||   838
       Reflection        |       |       |       |       |       |       |       |       |     9 ||     9
       Rpst.: Staff      |       |       |       |       |       |       |       |     4 |    30 ||    34

Table legend:
 A = Non-vault XP
 B = Vault XP
 C = Vault XP percentage of total XP
 D = Non-vault monster count
 E = Vault monster count
 F = Vault count percentage of total count
                 A         B        C        D         E       F
            +---------+---------+-------+---------+---------+-------
      Total |  838865 |  573676 |  40.6 |    1638 |     896 |  35.4
            +---------+---------+-------+---------+---------+-------
        D:1 |      28 |      10 |  26.3 |      17 |       4 |  19.0
        D:2 |     177 |       2 |   1.1 |      36 |       1 |   2.7
        D:3 |     140 |     126 |  47.4 |      20 |       5 |  20.0
        D:4 |     524 |     651 |  55.4 |      19 |       1 |   5.0
        D:5 |     401 |       0 |   0.0 |      20 |       0 |   0.0
        D:6 |    1456 |     263 |  15.3 |      21 |       4 |  16.0
        D:7 |    1106 |     965 |  46.6 |      18 |       1 |   5.3
        D:8 |    1869 |       0 |   0.0 |      27 |       0 |   0.0
        D:9 |    3151 |      48 |   1.5 |      18 |       1 |   5.3
       D:10 |    3098 |    3362 |  52.0 |      30 |      16 |  34.8
       D:11 |    1750 |    6326 |  78.3 |      16 |      53 |  76.8
       D:12 |    1859 |       0 |   0.0 |      14 |       0 |   0.0
       D:13 |    6774 |    8136 |  54.6 |      23 |      25 |  52.1
       D:14 |   10053 |    3204 |  24.2 |      45 |      13 |  22.4
       D:15 |    9529 |    2150 |  18.4 |      15 |       2 |  11.8
     Lair:1 |    5924 |    3680 |  38.3 |      18 |      11 |  37.9
     Lair:2 |    4490 |       0 |   0.0 |      19 |       0 |   0.0
     Lair:3 |    7074 |     561 |   7.3 |      27 |       5 |  15.6
     Lair:4 |    3138 |     752 |  19.3 |      10 |       3 |  23.1
     Lair:5 |    2927 |    1167 |  28.5 |      14 |       1 |   6.7
     Lair:6 |   12947 |   11869 |  47.8 |      43 |      52 |  54.7
   Shoals:1 |    9442 |       0 |   0.0 |      20 |       0 |   0.0
   Shoals:2 |   13840 |       0 |   0.0 |      25 |       0 |   0.0
   Shoals:3 |   19706 |       0 |   0.0 |      44 |       0 |   0.0
   Shoals:4 |   14591 |   28634 |  66.2 |      28 |      43 |  60.6
   Spider:1 |    5357 |       0 |   0.0 |      16 |       0 |   0.0
   Spider:2 |   18482 |   12972 |  41.2 |      47 |      30 |  39.0
   Spider:3 |   14249 |    7263 |  33.8 |      39 |      15 |  27.8
   Spider:4 |   10423 |   36047 |  77.6 |      31 |      69 |  69.0
    Slime:1 |    6718 |       0 |   0.0 |      17 |       0 |   0.0
    Slime:2 |   10095 |       0 |   0.0 |      14 |       0 |   0.0
    Slime:3 |   14873 |       0 |   0.0 |      29 |       0 |   0.0
    Slime:4 |    6150 |       0 |   0.0 |      10 |       0 |   0.0
    Slime:5 |   23439 |   34670 |  59.7 |      38 |      17 |  30.9
      Orc:1 |    2269 |    1814 |  44.4 |      38 |       2 |   5.0
      Orc:2 |    2960 |   15831 |  84.2 |      17 |      81 |  82.7
      Elf:1 |   10616 |    3961 |  27.2 |      16 |       6 |  27.3
      Elf:2 |   10006 |   20930 |  67.7 |      17 |      24 |  58.5
      Elf:3 |   12741 |   43752 |  77.4 |      19 |      34 |  64.2
   Vaults:1 |   37163 |   30728 |  45.3 |      67 |      51 |  43.2
   Vaults:2 |   36937 |   25186 |  40.5 |      65 |      29 |  30.9
   Vaults:3 |   13347 |   45684 |  77.4 |      16 |      48 |  75.0
   Vaults:4 |   36989 |   39166 |  51.4 |      55 |      43 |  43.9
   Vaults:5 |    2736 |   17891 |  86.7 |       4 |      18 |  81.8
    Crypt:1 |   28805 |    1585 |   5.2 |      46 |      13 |  22.0
    Crypt:2 |   28998 |    1619 |   5.3 |      42 |       3 |   6.7
    Crypt:3 |       0 |   81501 | 100.0 |       0 |      84 | 100.0
   Depths:1 |   26437 |    9623 |  26.7 |      26 |       6 |  18.8
   Depths:2 |   27023 |   52947 |  66.2 |      34 |      26 |  43.3
   Depths:3 |   37745 |   16561 |  30.5 |      44 |      40 |  47.6
   Depths:4 |    7020 |       0 |   0.0 |      10 |       0 |   0.0
      Zig:1 |    4509 |       0 |   0.0 |      14 |       0 |   0.0
      Zig:2 |    1979 |       0 |   0.0 |       4 |       0 |   0.0
      Zig:3 |    1397 |       0 |   0.0 |       5 |       0 |   0.0
      Zig:4 |    4620 |       0 |   0.0 |       9 |       0 |   0.0
      Zig:5 |    4638 |       0 |   0.0 |       7 |       0 |   0.0
      Zig:6 |   10060 |       0 |   0.0 |       9 |       0 |   0.0
      Zig:7 |   13502 |       0 |   0.0 |       9 |       0 |   0.0
      Zig:8 |    9644 |       0 |   0.0 |      11 |       0 |   0.0
      Zig:9 |   22422 |       0 |   0.0 |      20 |       0 |   0.0
     Zig:10 |   16824 |    1933 |  10.3 |      12 |       4 |  25.0
     Zig:11 |   17997 |       0 |   0.0 |      18 |       0 |   0.0
     Zig:12 |   19453 |       0 |   0.0 |      30 |       0 |   0.0
     Zig:13 |   38987 |       0 |   0.0 |      21 |       0 |   0.0
     Zig:14 |   32309 |       0 |   0.0 |      38 |       0 |   0.0
     Zig:15 |   26647 |       0 |   0.0 |      36 |       0 |   0.0
     Zig:16 |   34726 |       0 |   0.0 |      33 |       0 |   0.0
     Zig:17 |   11579 |       0 |   0.0 |      18 |       0 |   0.0
      Sewer |       0 |     106 | 100.0 |       0 |      12 | 100.0
            +---------+---------+-------+---------+---------+-------
